Map: Nightshade LE

Players

Neuro

  • Race: Zerg Zerg
  • League: Grandmaster
  • Spawn Location: 11:00

BerryRAWR - Winner!

  • Race: Terran Terran
  • League: Grandmaster
  • Spawn Location: 5:00

VOD

Have the link to the VOD?

Description

Time

  • Played on: March 3, 2020, 11:30 p.m.
  • Length: 12:14
Show
View Real Time Build Order
Export as new Build Order

Neuro Zerg 

Build Orders: Hatch First 

Get SALT Encoding   

  12  0:01  Drone  
  13  0:13  Overlord  
  13  0:17  Drone  
  14  0:31  Drone x2  
  16  0:48  Hatchery  
  15  0:52  Drone  
  15  0:55  Drone  
  17  0:59  Drone  
  18  1:10  Extractor  
  17  1:14  Spawning Pool  
  17  1:17  Drone  
  17  1:20  Drone  
  18  1:29  Drone  
  19  1:39  Drone  
  20  1:51  Overlord  
  20  2:01  Queen x2  
  20  2:02  Zergling x4  
  26  2:14  Metabolic Boost  
  26  2:18  Drone x2  
  27  2:38  Hatchery  
  26  2:47  Overlord, Drone x2  
  26  2:48  Drone x2  
  30  2:53  Drone  
  31  2:59  Drone x2  
  31  3:02  Queen  
  35  3:12  Drone x4  
  39  3:14  Drone  
  40  3:20  Overlord  
  40  3:22  Drone  
  40  3:26  Queen  
  41  3:32  Overlord  
  43  3:35  Drone  
  44  3:44  Overlord  
  44  3:45  Drone  
  45  3:53  Zergling x4  
  47  3:57  Queen  
  49  4:02  Queen  
  49  4:04  Roach Warren  
  49  4:06  Overlord  
  49  4:07  Zergling x6  
  53  4:13  Lair  
  53  4:15  Drone x2  
  55  4:19  Drone x2  
  57  4:29  Overlord  
  57  4:30  Drone x5  
  62  4:36  Drone x2  
  62  4:38  Spore Crawler  
  63  4:39  Spore Crawler  
  63  4:41  Drone x2  
  63  4:44  Spore Crawler  
  63  4:48  Drone x2, Extractor  
  63  4:50  Extractor  
  63  4:51  Drone  
  64  4:53  Drone x2  
  62  5:03  Drone x5  
  65  5:12  Roach  
  65  5:13  Roach  
  63  5:23  Drone x8  
  67  5:39  Drone x7  
  72  5:49  Drone x4  
  76  5:54  Drone  
  75  6:01  Evolution Chamber  
  75  6:02  Overlord, Evolution Chamber  
  73  6:10  Drone x5  
  78  6:18  Overlord  
  78  6:20  Glial Reconstitution  
  78  6:23  Drone x4  
  82  6:31  Zerg Missile Weapons Level 1, Zerg Ground Armor Level 1  
  82  6:34  Overlord x2  
  82  6:36  Extractor  
  82  6:38  Roach x2  
  85  6:43  Overlord  
  85  6:44  Overlord  
  85  6:48  Roach x3  
  85  6:52  Drone x5  
  98  7:01  Roach x5  
  98  7:03  Drone x2  
  98  7:04  Drone, Extractor  
  108  7:12  Overlord  
  108  7:13  Roach x3  
  108  7:14  Roach  
  113  7:25  Roach  
  113  7:26  Roach x5  
  113  7:28  Overlord x2  
  113  7:29  Overlord  
  124  7:37  Roach  
  124  7:38  Roach  
  124  7:39  Zergling x2  
  124  7:40  Ravager  
  124  7:44  Roach x4  
  138  7:53  Hatchery  
  138  7:54  Zergling x12  
  145  7:58  Ravager x2  
  122  8:06  Roach x5  
  122  8:09  Roach x4  
  131  8:14  Roach  
  131  8:18  Ravager  
  131  8:19  Ravager  
  135  8:21  Zergling x4  
  137  8:27  Ravager  
  137  8:28  Ravager  
  137  8:30  Zergling x12  
  137  8:33  Hatchery  
  144  8:34  Zergling x4  
  144  8:36  Extractor  
  145  8:42  Overlord  
  140  8:51  Roach x9  
  153  9:13  Roach  
  153  9:14  Roach x9  
  160  9:34  Roach  
  160  9:35  Roach x7  
  176  9:43  Overlord x3  
  176  9:55  Evolution Chamber  
  176  9:56  Evolution Chamber  
  176  9:59  Zergling x14  
  182  10:00  Zergling x2  
  182  10:02  Drone x3  
  182  10:04  Ravager x3  
  182  10:05  Ravager  
  188  10:12  Zergling x10  
  182  10:23  Zergling x10  
  176  10:31  Drone x4  
  176  10:32  Drone  
  181  10:36  Drone x3  
  181  10:42  Baneling Nest  
  183  10:51  Drone x5  
  183  10:53  Drone  
  185  11:07  Infestation Pit, Drone x7  
  188  11:17  Roach  
  188  11:18  Roach x3  
  160  11:22  Zergling x8  
  160  11:25  Drone x2  
  145  11:30  Roach  
  145  11:31  Roach x2  
  144  11:38  Zergling x6  
  144  11:39  Zergling x8  
  139  11:42  Zergling x6  
  98  11:48  Zergling x10  
  95  11:54  Drone  
  95  11:55  Drone  
  95  11:56  Drone  
Show
View Real Time Build Order
Export as new Build Order

BerryRAWR Terran - Winner!

Build Orders: Gas First Reaper Expand, Liberator Opening 

Get SALT Encoding   

  12  0:00  SCV  
  13  0:13  SCV  
  14  0:17  Supply Depot  
  14  0:25  SCV  
  15  0:29  Refinery  
  15  0:38  SCV  
  16  0:45  Barracks  
  16  0:51  SCV  
  17  1:03  SCV  
  18  1:15  SCV  
  19  1:32  Reaper, Orbital Command  
  20  1:43  Command Center  
  20  1:54  Factory  
  20  2:02  SCV  
  21  2:09  Barracks Reactor  
  21  2:15  SCV  
  22  2:19  Supply Depot  
  22  2:21  Refinery  
  22  2:27  SCV  
  23  2:41  SCV  
  24  2:52  Hellion, Starport  
  24  2:53  Hellion  
  24  2:54  Marine  
  29  3:01  SCV  
  29  3:04  Orbital Command  
  30  3:12  Supply Depot  
  30  3:14  Hellion x2  
  30  3:18  SCV  
  35  3:29  Liberator  
  35  3:30  SCV  
  35  3:31  SCV  
  40  3:36  Supply Depot  
  40  3:39  Hellion  
  42  3:43  Hellion  
  42  3:46  SCV  
  42  3:47  SCV  
  46  3:59  SCV x2  
  48  4:11  Command Center, Barracks Tech Lab  
  48  4:15  SCV x2  
  50  4:19  Liberator, Factory Tech Lab  
  53  4:27  Supply Depot  
  53  4:30  Marine  
  54  4:31  Stimpack  
  54  4:34  SCV x2  
  56  4:44  Siege Tank  
  59  4:48  Marine  
  59  4:51  Barracks x2  
  60  4:57  SCV  
  61  5:05  SCV  
  61  5:06  Marine  
  61  5:08  Engineering Bay x2  
  61  5:09  SCV  
  62  5:16  Siege Tank  
  62  5:23  SCV x2, Marine  
  62  5:24  Orbital Command  
  57  5:35  SCV x2  
  59  5:36  Starport Reactor  
  59  5:39  Barracks  
  59  5:41  Marine  
  59  5:42  Barracks  
  60  5:44  Marine x2  
  60  5:48  Refinery, Siege Tank  
  66  5:50  SCV  
  66  5:51  SCV  
  66  5:52  Refinery  
  66  5:54  SCV  
  69  5:57  Barracks Reactor  
  69  5:59  Terran Infantry Weapons Level 1, Marine  
  69  6:02  Marine  
  70  6:05  SCV  
  70  6:10  Supply Depot, Marine  
  72  6:12  Supply Depot  
  72  6:14  SCV  
  72  6:17  Marine  
  74  6:19  Terran Infantry Armor Level 1  
  74  6:20  Marine  
  55  6:25  Orbital Command  
  75  6:27  Marine  
  75  6:31  Armory  
  75  6:32  SCV x2, Supply Depot  
  78  6:34  Supply Depot, Marine  
  78  6:35  Marine x2  
  78  6:37  Barracks Reactor x2, Marine  
  78  6:38  Supply Depot  
  82  6:44  SCV x2  
  82  6:45  Marine  
  85  6:50  Medivac  
  85  6:51  Medivac  
  85  6:52  SCV, Marine x3  
  93  6:57  SCV x2  
  95  7:04  Marine x2  
  95  7:05  SCV  
  95  7:07  Supply Depot  
  98  7:08  Supply Depot  
  98  7:10  Marine x3  
  100  7:20  Marine  
  100  7:21  Marine x2  
  100  7:22  SCV x2, Marine  
  106  7:26  Siege Tank  
  106  7:27  Marine x2  
  106  7:28  Marine x2  
  106  7:29  Marine  
  114  7:30  SCV  
  114  7:34  SCV x2  
  117  7:38  Marine x2  
  117  7:43  Medivac x2  
  123  7:45  SCV  
  123  7:47  Marine x4  
  123  7:48  Marine x3  
  123  7:50  Combat Shield  
  131  7:52  SCV  
  131  7:56  Supply Depot  
  131  7:57  Terran Infantry Weapons Level 2  
  114  8:13  Marauder, Marine x7  
  114  8:17  Marine  
  114  8:19  SCV  
  125  8:20  SCV x2  
  127  8:30  Command Center, Marine  
  127  8:31  SCV  
  129  8:35  SCV  
  129  8:37  Refinery x2  
  130  8:41  Marine  
  130  8:42  Marauder, Marine x3  
  130  8:43  Terran Vehicle Weapons Level 1, Terran Infantry Armor Level 2, Factory, Marine x3  
  139  8:48  Marine  
  139  8:52  SCV x2  
  142  9:05  Siege Tank  
  142  9:06  Marine x4  
  149  9:10  Marine x4  
  149  9:11  Marauder  
  149  9:14  Barracks x3  
  155  9:27  Marine x4  
  155  9:28  Marine  
  157  9:33  Supply Depot x2  
  157  9:35  Supply Depot  
  157  9:36  Supply Depot  
  157  9:40  Marauder, Marine, Factory Tech Lab  
  157  9:41  SCV x2, Siege Tank  
  157  9:42  Planetary Fortress  
  162  9:51  Marine x2  
  162  9:52  Marine  
  165  9:58  Marine x5  
  167  10:00  SCV  
  167  10:02  SCV x2, Marauder  
  167  10:05  Marine  
  173  10:08  Medivac  
  173  10:12  SCV  
  173  10:13  Siege Tank  
  168  10:28  Siege Tank  
  168  10:29  Marine x3  
  168  10:30  Marauder, Barracks Tech Lab x3  
  168  10:31  SCV x3  
  168  10:34  Command Center, Marine x3  
  168  10:35  Marine  
  174  10:36  SCV  
  174  10:38  Medivac  
  174  10:40  Medivac  
  179  10:43  SCV  
  179  10:45  Marine, Siege Tank  
  179  10:47  Marine x2  
  186  10:50  Marine x2  
  186  10:51  Concussive Shells, Marauder, Marine x2  
  186  10:55  Marine  
  186  10:56  Marine  
  194  10:59  Marine x2  
  194  11:03  Marine  
  197  11:04  Marine  
  197  11:09  Marauder  
  197  11:10  Siege Tank  
  198  11:17  Marauder  
  199  11:21  SCV x2  
  199  11:23  Marauder  
Tags
 
Add a new tag
Caveats
  • Supply blocks, unpowered buildings, or Contaminate may cause inaccurate times.
  • Supply counts are checked every 10 seconds.